 Dungeon Crawl Stone Soup version 0.29-a0-233-g1125b37a9b (webtiles) character file.

Game seed: 565605356645960376

28 bande the Skirmisher (level 3, -3/24 HPs)
             Began as a Gargoyle Fighter on Mar 2, 2022.
             Slain by Sigmund
             ... wielding a +0 scythe
              (5 damage)
             ... on level 2 of the Dungeon.
             The game lasted 00:01:56 (1941 turns).

bande the Skirmisher (Gargoyle Fighter)             Turns: 1941, Time: 00:01:57

Health: -3/24      AC: 15    Str: 19    XL:     3   Next: 14%
Magic:  3/3        EV:  5    Int:  8    God:
Gold:   965        SH:  4    Dex: 11    Spells: 2/2 levels left

rFire   . . .      SeeInvis .   a - +0 war axe
rCold   . . .      Faith    .   c - +0 buckler
rNeg    + + .      Spirit   .   h - +1 plate armour {rN+}
rPois   ∞          Reflect  .   (no helmet)
rElec   +          Harm     .   (no cloak)
rCorr   .          Rampage  .   (no gloves)
Will    .....                   (no boots)
Stlth   ..........              (no amulet)
HPRegen 0.08/turn               (no ring)
MPRegen 0.08/turn               (no ring)

@: mighty
A: sickness immunity, AC +3, negative energy resistance 1, electricity
resistance, torment resistance 1, petrification resistance
a: no special abilities


You were on level 2 of the Dungeon.
You visited 1 branch of the dungeon, and saw 2 of its levels.

You collected 965 gold pieces.

Inventory:

Hand Weapons
 a - a +0 war axe (weapon)
Armour
 c - a +0 buckler (worn)
 h - a +1 plate armour of positive energy (worn)
Potions
 b - a potion of invisibility
 e - a potion of degeneration {unknown}


   Skills:
 + Level 3.7 Fighting
 + Level 2.2 Axes
 + Level 3.6 Armour
 + Level 3.5 Shields


You had 2 spell levels left.
You didn't know any spells.
Your spell library was empty.

Dungeon Overview and Level Annotations

Branches:
Dungeon (2/15)

Altars:

Annotations:
D:2 Sigmund


Innate Abilities, Weirdness & Mutations

You are immune to sickness and miasma.
Your stone body is resilient. (AC +3)
You are immune to poison.
You resist negative energy. (rN+)
You are resistant to electric shocks. (rElec)
You are resistant to unholy torment.
You are immune to petrification.


Message History

You climb downwards.
Level annotation: Sigmund Sigmund drinks a potion.
Sigmund flickers and vanishes!
Deactivating autopickup; reactivate with Ctrl-A.
There is a stone staircase leading up here.
You see here 11 gold pieces.
Something hits you but does no damage.
You closely miss something. Something hits you but does no damage.
You hit something. Something hits you but does no damage.
You slash something!
You hear some strange, mumbled words.
A puff of flame appears from out of thin air!
The puff of flame hits you but does no damage.
You closely miss something. Something hits you but does no damage.
You completely miss something.
You hear some strange, mumbled words.
A magic dart appears from out of thin air!
The magic dart hits you but does no damage.
You barely miss something.
You hear some strange, mumbled words.
A magic dart appears from out of thin air!
The magic dart hits you but does no damage.
You closely miss something.
You hear some strange, mumbled words.
A puff of flame appears from out of thin air!
The puff of flame hits you but does no damage.
Something hits you!
You miss something. You hit something.
You hear some strange, mumbled words.
A magic dart appears from out of thin air!
The magic dart hits you. Something hits you!
* * * LOW HITPOINT WARNING * * *
You feel very mighty all of a sudden.
You closely miss something. Something hits you but does no damage.
You slash something!
You hear some strange, mumbled words.
Something tries to affect you, but you resist.
Something hits you.
You die...

* #..........# *
#####.###..##..# * ##.....#
##.#*..#** ######..#####
#.##..,,*** ...#...##
#.#..##,,,* .....###
#.#...###,* ...#.#
####.#.#...#,** .....#
#...{)...#,,,,***
.....########...@....#***,,,*
............#...$.<..# *****
...##.......#........#
............#........#
....#.......#........#
....#########........#**
.....#### #..........**
..#.....# #.....$.....**
....###.# ####........,*


There were no monsters in sight!

Vanquished Creatures
  3 ball pythons (D:1)
  4 endoplasms
  2 giant cockroaches (D:1)
  A goblin (D:1)
  A hobgoblin (D:1)
  2 quokkas (D:1)
  2 bats (D:1)
  6 kobolds
  5 rats
26 creatures vanquished.

Notes
Turn   | Place    | Note
-------+----------+-------------------------------------------
     0 | D:1      | bande the Gargoyle Fighter began the quest for the Orb.
     0 | D:1      | Reached XP level 1. HP: 14/14 MP: 1/1
   151 | D:1      | Reached XP level 2. HP: 19/19 MP: 2/2
   197 | D:1      | Found a faded altar of an unknown god.
   988 | D:1      | Reached XP level 3. HP: 24/24 MP: 3/3
  1219 | D:2      | Identified a scroll of acquirement
  1219 | D:2      | Acquired 922 gold pieces
  1278 | D:2      | Noticed Sigmund
  1941 | D:2      | Slain by Sigmund

Illustrated notes

Levels and vault maps discovered:
D:1:      amcnicky_arrival_wind_blow, layout_basic,
          ebering_ecumenical_altar_sacrificial, moated_statue, grunt_decor_cap
D:2:      layout_rooms, uniq_sigmund

Skill      XL: |  1  2 |
---------------+-------+-----
Axes           | 2 |  2.2
Fighting       | |  3.7
Armour         | |  3.6
Shields        | |  3.5

Action                   || total
-------------------------++-------
Melee: War axe           ||    79
  Use: Scroll            ||     2
       Potion            ||     1
Armor: Scale mail        ||    36
       Plate armour      ||    14
Dodge: Dodged            ||    24
Block: Buckler           ||    15

Table legend: (Time is in decaauts)
 A = Elapsed time spent in this place.
 B = Non-inter-level travel time spent in this place.
 C = Inter-level travel time spent in this place.
 D = Time resting spent in this place.
 E = Time spent auto-exploring this place.
 F = Levels seen in this place.
 G = Mean time per level.
                   A        B        C        D        E       F      G
               +--------+--------+--------+--------+--------+-----+--------+
         Total |   1977 |   1889 |     88 |    612 |   1014 |   2 |  988.5 |
       Dungeon |   1977 |   1889 |     88 |    612 |   1014 |   2 |  988.5 |
               +--------+--------+--------+--------+--------+-----+--------+

Top non-repeatable levels by time:
     D:1: 1869 daAuts
     D:2: 108 daAuts
